 Dungeon Crawl Stone Soup version 0.32-a0-520-g344ed53f66 (webtiles) character file.

Game seed: 3718138637427990881

6 ezpacito the Trooper (level 1, -1/18 HPs)
             Began as a Demonspawn Chaos Knight on Feb 27, 2024.
             Was a Plaything of Xom.
             Succumbed to a kobold's poison
             ... on level 1 of the Dungeon.
             The game lasted 00:00:12 (22 turns).

ezpacito the Trooper (Demonspawn Chaos Knight)        Turns: 22, Time: 00:00:12

Health: -1/18      AC:  5    Str: 12    XL:     1   Next: 75%
Magic:  1/1        EV: 11    Int: 12    God:    Xom [..*...]
Gold:   0          SH:  0    Dex: 12    Spells: 0/0 levels left

rFire   . . .        a - +0 hand axe (chaos)
rCold   . . .        (no shield)
rNeg    . . .        b - +2 leather armour
rPois   .            (no helmet)
rElec   .            (no cloak)
rCorr   .            (no gloves)
SInv    .            (no boots)
Will    .....        (no amulet)
Stlth   +            (no ring)
HPRegen 0.23/turn    (no ring)
MPRegen 0.07/turn

%: no passive effects
@: lethally poisoned (-1 -> -7)
A: no striking features
a: Renounce Religion


You were on level 1 of the Dungeon.
You worshipped Xom.
You were a toy of Xom.
You visited 1 branch of the dungeon, and saw 1 of its levels.

Inventory:

Hand Weapons
 a - a +0 hand axe of chaos (weapon)
Armour
 b - a +2 leather armour (worn)
Scrolls
 c - a scroll of butterflies


   Skills:
 * Level 3.0 Fighting
 * Level 2.7 Axes
 + Level 0.0(1.6) Polearms
 * Level 1.8 Armour
 * Level 1.0 Dodging
 + Level 0.1 Stealth
 * Level 0.3 Unarmed Combat
 * Level 0.1 Spellcasting


You couldn't memorise any spells.
You didn't know any spells.
Your spell library was empty.

Dungeon Overview and Level Annotations

Branches:
Dungeon (1/15)

Altars:


Message History

You hit the ball python.
You kill the ball python!
You hit the rat.
The rat looks weaker.
You hit the goblin. You burn the goblin.
You kill the goblin!
The rat closely misses you.
You hit the rat.
You kill the rat!
The kobold misses you.
You see here a +0 dagger.
You closely miss the kobold. The kobold barely misses you.
The kobold hits you but does no damage.
You are poisoned.
You hit the kobold but do no damage.
You feel very sick. The kobold hits you but does no damage.
You are lethally poisoned!
You hit the kobold.
You kill the kobold!
You feel very sick.
Your Dodging skill increases to level 1!
You are too injured to fight recklessly!
You are too injured to fight recklessly!
You are too injured to fight recklessly!
You are too injured to fight recklessly!
You are too injured to fight recklessly!
You are too injured to fight recklessly!
You are too injured to fight recklessly!
You are too injured to fight recklessly!
You are too injured to fight recklessly!
You aren't carrying any potions.
Unknown command.
There is a lethal amount of poison in your body!
* * * LOW HITPOINT WARNING * * *
You feel very sick.
* * * LOW HITPOINT WARNING * * *
You feel very sick.
* * * LOW HITPOINT WARNING * * *
You feel sick.
You die...
Xom is highly amused!

#P.≈P~.# +..~~~.#
#...... ...~~≈#
#...... . ♣.P.≈~#
#.....###..
♣....~# ..........
♣<...≈####.##....#
♣♣...~#.........#
♣♣..~#.[.......#
##'##....@....#
#....)...$...#
###..).......#
#...........#
.............#
####...........#
#...........#
#...........#
####..##>.#


There were no monsters in sight!

Vanquished Creatures
  A ball python (D:1)
  A bat (D:1)
  A goblin (D:1)
  A kobold (D:1)
  A rat (D:1)
5 creatures vanquished.

Notes
Turn   | Place    | Note
-------+----------+-------------------------------------------
     0 | D:1      | ezpacito the Demonspawn Chaos Knight began the quest for
                  | the Orb.
     0 | D:1      | Reached XP level 1. HP: 18/18 MP: 1/1
    19 | D:1      | Reached skill level 1 in Dodging
    22 | D:1      | Succumbed to a kobold's poison

Illustrated notes

Levels and vault maps discovered:
D:1:      tarquinn_simple_flora_water_c, layout_rooms, serial_shops, shop,
          nicolae_titane

Skill      XL: |  1 |
---------------+----+-----
Dodging        | 1 |  1.0
Fighting       | |  3.0
Axes           | |  2.7
Armour         | |  1.8
Stealth        | |  0.1
Unarmed Combat | |  0.3
Spellcasting   | |  0.1

Action                     || total
---------------------------++-------
  Melee: Hand axe          ||     9
 Armour: Leather armour    ||    13
  Dodge: Dodged            ||     5

Table legend: (Time is in decaauts)
 A = Elapsed time spent in this place.
 B = Non-inter-level travel time spent in this place.
 C = Inter-level travel time spent in this place.
 D = Time resting spent in this place.
 E = Time spent auto-exploring this place.
 F = Levels seen in this place.
 G = Mean time per level.
                   A        B        C        D        E       F      G
               +--------+--------+--------+--------+--------+-----+--------+
         Total |     23 |     23 |      0 |      0 |      5 |   1 |   23.0 |
       Dungeon |     23 |     23 |      0 |      0 |      5 |   1 |   23.0 |
               +--------+--------+--------+--------+--------+-----+--------+

Top non-repeatable levels by time:
     D:1: 23 daAuts
